 Dungeon Crawl Stone Soup version 0.26-a0-259-g1effd001a9 (webtiles) character file.

Game seed: 15362318433570498267

22659 Arthanis the Cleaver (level 13, -14/87 HPs)
             Began as a Gargoyle Berserker on July 26, 2020.
             Was a High Priest of Trog.
             Demolished by an ettin
             ... wielding a +0 dire flail
              (26 damage)
             ... on level 1 of the Orcish Mines.
             The game lasted 00:21:56 (11831 turns).

Arthanis the Cleaver (Gargoyle Berserker)          Turns: 11831, Time: 00:21:57

Health: -14/87     AC: 30    Str: 28    XL:     13   Next: 1%
Magic:  4/4        EV:  6    Int: 12    God:    Trog [*****.]
Gold:   668        SH: 15    Dex:  9    Spells: 12/12 levels left

rFire    + . .     SeeInvis .   d - +5 broad axe (antimagic)
rCold    . . .     Faith    .   b - +0 kite shield {AC+3}
rNeg     + . .     Spirit   .   a - +1 plate armour {rC+}
rPois    ∞         Reflect  +   J - +2 helmet
rElec    +         Harm     .   B - +0 cloak
rCorr    .                      (no gloves)
MR       ++...                  (no boots)
Stlth    ..........             q - amulet of reflection
HPRegen  1.24/turn              o - ring of fire
MPRegen  0.09/turn              l - +6 ring of strength

@: about to teleport, berserk cooldown, regenerating, slowed, very slow
A: negative energy resistance 1, electricity resistance, unbreathing,
petrification resistance, rot immunity, AC +9
a: Berserk, Trog's Hand, Brothers in Arms, Renounce Religion


You were on level 1 of the Orcish Mines.
You worshipped Trog.
Trog was extremely pleased with you.
You were not hungry.

You visited 2 branches of the dungeon, and saw 14 of its levels.
You also visited: Gauntlet.

You collected 895 gold pieces.
You spent 227 gold pieces at shops.

Inventory:

Hand Weapons
 d - a +5 antimagic broad axe (weapon)
 D - a +1 vorpal spear
 H - a +4 hand axe of flaming
 L - the +4 spear "Qaomywn" {protect, Int+4, unknown}
   (You found it in a Gauntlet)

   It grants its wielder temporary protection when it strikes (+7 to AC).
   It affects your intelligence (+4).
 U - a +3 battleaxe
Missiles
 i - 2 throwing nets (quivered)
Armour
 a - a +1 plate armour of cold resistance (worn)
 b - a +0 kite shield of protection (worn)
 B - a +0 cloak (worn)
 J - a +2 helmet (worn)
Jewellery
 l - a +6 ring of strength (right hand)
 m - an uncursed ring of protection from cold
 o - a ring of fire (left hand)
 q - an amulet of reflection (around neck)
 r - the ring of Discord {Int+6 Stlth+, unknown}
   (You found it in a Gauntlet)

   [ring of intelligence]

   It affects your intelligence (+6).
   It makes you more stealthy.
 u - an uncursed ring of positive energy
 E - an uncursed ring of flight
 F - an uncursed ring of protection from fire
 W - the ring of Zoganeas {Wiz rF+ rN++ Dex-2}
   (You found it on level 11 of the Dungeon)

   [ring of wizardry]

   It improves your spell success rate.
   It affects your dexterity (-2).
   It protects you from fire.
   It greatly protects you from negative energy.
Wands
 v - a wand of paralysis (7)
 x - a wand of disintegration (15)
 y - a wand of flame (34)
 I - a wand of digging (16)
 P - a wand of acid (9)
 Q - a wand of random effects (15)
Scrolls
 g - 5 scrolls of teleportation
 h - 3 scrolls of enchant weapon
 k - 8 scrolls of remove curse
 s - 3 scrolls of random uselessness
 w - 3 scrolls of fear
 A - 2 scrolls of amnesia
 S - a scroll of immolation
 T - a scroll of fog
Potions
 e - 2 potions of berserk rage
 f - 3 potions of mutation
 j - a potion of cancellation {unknown}
 n - 4 potions of might
 p - a potion of invisibility {unknown}
 z - a potion of resistance
 C - 4 potions of heal wounds
 G - 3 potions of stabbing
 K - 2 potions of magic
 O - 2 potions of ambrosia
 V - 2 potions of haste
Comestibles
 c - 29 rations


   Skills:
 + Level 12.3 Fighting
 * Level 14.1 Axes
 - Level 6.1 Armour
 - Level 2.0 Dodging
 - Level 4.0 Shields
 - Level 6.1 Evocations


You had 12 spell levels left.
You didn't know any spells.
Your spell library contained the following spells:

 Spells                   Type           Power        Failure   Level
 Infusion                 Chrm           #...         100%        1
 Magic Dart               Conj           #...         100%        1
 Blink                    Tloc           N/A          100%        2
 Call Imp                 Summ           #.......     100%        2
 Ensorcelled Hibernation  Hex/Ice        #.....       100%        2
 Shroud of Golubria       Chrm/Tloc      #.....       100%        2
 Slow                     Hex            #.......     100%        2
 Song of Slaying          Chrm           #.......     100%        2
 Conjure Flame            Conj/Fire      #.......     100%        3
 Inner Flame              Hex/Fire       #.......     100%        3
 Mephitic Cloud           Conj/Pois/Air  #.......     100%        3
 Ozocubu's Armour         Chrm/Ice       #.......     100%        3
 Spectral Weapon          Hex/Chrm       #.......     100%        3
 Tukima's Dance           Hex            #.......     100%        3
 Leda's Liquefaction      Hex/Erth       #.........   100%        4
 Summon Mana Viper        Hex/Summ       #.......     100%        5


Dungeon Overview and Level Annotations

Branches:
Dungeon (12/15)            Temple (0/1) D:4            Lair (0/6) D:10
    Orc (2/2) D:11            Elf (0/3) Orc:2       Gauntlet (visited)

Altars:
Ashenzari
Cheibriados
Dithmenos
Elyvilon
Fedhas
Gozag
Kikubaaqudgha
Makhleb
Nemelex Xobeh
Okawaru
Sif Muna
Trog
Uskayaw
Wu Jian
Xom
Yredelemnul

Shops:
D:9 }   D:12 *   Orc:2 *


Innate Abilities, Weirdness & Mutations

You are resistant to torment.
Your stone body is resilient. (AC +9)
You are immune to poison.
You resist negative energy. (rN+)
You are resistant to electric shocks. (rElec)
You can survive without breathing.
You are immune to petrification.
You are immune to rotting.


Message History

The ettin shouts in stereo!
Reactivating autopickup.
A troll comes into view.
The ettin hits you but does no damage. You block the ettin's attack.
Found 17 gold pieces.
There is a stone staircase leading down here.
Your skin crawls.
You feel resistant to hostile enchantments.
The ettin hits you but does no damage. x2; You block the ettin's attack.
The ettin closely misses you.
An ogre comes into view. It is wielding a +0 giant club.
The ogre shouts!
The troll shouts!
You hear a shout!
An ogre comes into view. It is wielding a +0 giant spiked club.
As you read the scroll of teleportation, it crumbles to dust.
You feel strangely unstable. You block the ettin's attack.
The ettin hits you with a +0 dire flail.
* * * LOW HITPOINT WARNING * * *
You block the troll's attack. x2; The troll barely misses you.
The ettin hits you with a +0 dire flail!!
You die...

##### .#.###
###....###
###.#..^.#.##
#.....>.$...#
###.........###
#.....TC......#
........@.......#
.....#....O.O...#
#
.....###..#....##
## ....
####...... #.
..T. .....# ##
....# # ...##


You could see an ettin, a troll and 2 ogres.

Vanquished Creatures
  An orc warlord (Orc:1)
  A minotaur (Gauntlet)
  An ettin (D:11)
  Harold (Orc:1)
  An anaconda (shapeshifter) (D:11)
  A centaur warrior (D:11)
  3 two-headed ogres
  Urug (Orc:2)
  A flayed ghost (D:11)
  An orc sorcerer (Orc:1)
  A moth of wrath (Gauntlet)
  Joseph (D:8)
  An eye of devastation (Gauntlet)
  A kobold demonologist (D:12)
  A komodo dragon (D:12)
  4 trolls
  A raiju (Gauntlet)
  2 hippogriffs (D:12)
  Grinder (D:5)
  2 wraiths
  2 wyverns (D:11)
  A human (D:9)
  13 yaks
  4 hogs (D:9)
  A golden eye (Gauntlet)
  5 wargs
  A soldier ant (D:10)
  14 orc warriors
  3 sky beasts
  3 ice beasts
  A necrophage (D:9)
  An eye of draining (D:10)
  3 phantoms
  5 wolves (Gauntlet)
  4 centaurs
  4 ogres
  A crocodile (D:12)
  Blork the orc (D:5)
  A big kobold (D:9)
  9 bullfrogs
  4 scorpions
  A wyvern skeleton (D:10)
  16 killer bees
  A howler monkey (D:10)
  5 wights (D:8)
  A bullfrog zombie (D:5)
  A quasit (D:8)
  8 hounds
  10 orc priests
  3 centaur skeletons
  3 jellies
  2 iguanas
  2 bullfrog skeletons
  17 orc wizards
  7 worker ants
  A hound zombie (D:11)
  A worker ant zombie (D:9)
  A howler monkey zombie (D:9)
  9 gnolls
  9 adders
  2 white imps
  An ufetubus (D:9)
  6 adder skeletons
  An adder zombie (D:8)
  7 worms
  2 dart slugs
  6 leopard geckos
  56 orcs
  2 bat zombies (D:2)
  7 giant cockroaches
  10 goblins
  6 hobgoblins
  9 jackals
  5 quokkas
  4 ball pythons
  8 bats
  10 frilled lizards
  12 kobolds
  2 leopard gecko skeletons
  A leopard gecko zombie (D:9)
  A quokka skeleton (D:4)
  7 rats
  2 rat zombies (D:2)
373 creatures vanquished.

Vanquished Creatures (collateral kills)
  A vampire (D:9)
  2 kobolds (D:9)
3 creatures vanquished.

Grand Total: 376 creatures vanquished

Notes
Turn   | Place    | Note
-------+----------+-------------------------------------------
     0 | D:1      | Arthanis the Gargoyle Berserker began the quest for the
                  | Orb.
     0 | D:1      | Reached XP level 1. HP: 14/14 MP: 1/1
   381 | D:1      | Reached XP level 2. HP: 19/19 MP: 2/2
   458 | D:1      | Reached skill level 3 in Axes
   667 | D:1      | Reached XP level 3. HP: 23/23 MP: 3/3
   675 | D:1      | Reached ** piety under Trog
  1305 | D:2      | Found a shimmering blue altar of Sif Muna.
  1305 | D:2      | Found a bloodstained altar of Trog.
  1306 | D:2      | Found a blossoming altar of Fedhas.
  1306 | D:2      | Found a white marble altar of Elyvilon.
  1306 | D:2      | Found a shattered altar of Ashenzari.
  1306 | D:2      | Found a shadowy altar of Dithmenos.
  1307 | D:2      | Found a burning altar of Makhleb.
  1315 | D:2      | Reached XP level 4. HP: 29/29 MP: 4/4
  1515 | D:2      | Found a faded altar of an unknown god.
  2143 | D:2      | Found an ancient bone altar of Kikubaaqudgha.
  2224 | D:3      | Reached *** piety under Trog
  2320 | D:3      | Reached XP level 5. HP: 32/33 MP: 5/5
  2372 | D:3      | Reached skill level 4 in Axes
  2535 | D:3      | Found an ornate altar of the Wu Jian Council.
  2687 | D:4      | Found a staircase to the Ecumenical Temple.
  2697 | D:4      | Reached skill level 1 in Shields
  2697 | D:4      | Reached XP level 6. HP: 39/39 MP: 6/6
  3044 | D:4      | Reached **** piety under Trog
  3201 | D:5      | Entered Level 5 of the Dungeon
  3210 | D:5      | Noticed Grinder
  3215 | D:5      | Paralysed by Grinder for 7 turns
  3249 | D:5      | Killed Grinder
  3249 | D:5      | Reached skill level 5 in Axes
  3249 | D:5      | Reached XP level 7. HP: 44/44 MP: 7/7
  3466 | D:5      | Reached skill level 5 in Fighting
  3912 | D:5      | Noticed Blork the orc
  3917 | D:5      | Killed Blork the orc
  4040 | D:5      | Reached skill level 6 in Axes
  4040 | D:5      | Reached XP level 8. HP: 37/50 MP: 8/8
  4207 | D:5      | Found a shimmering altar of Xom.
  4639 | D:6      | Reached skill level 7 in Axes
  4822 | D:6      | Found a basalt altar of Yredelemnul.
  4943 | D:7      | Found an opulent altar of Gozag.
  5026 | D:7      | Reached skill level 1 in Evocations
  5207 | D:7      | Reached XP level 9. HP: 55/56 MP: 9/9
  5284 | D:7      | Reached skill level 5 in Armour
  5286 | D:7      | Reached skill level 8 in Axes
  5289 | D:7      | Found an iron altar of Okawaru.
  5519 | D:7      | Found a sparkling altar of Nemelex Xobeh.
  6062 | D:7      | Found a hide-covered altar of Uskayaw.
  6163 | D:8      | Noticed a troll
  6175 | D:8      | Reached ***** piety under Trog
  6182 | D:8      | Killed a troll
  6196 | D:8      | Noticed Joseph
  6204 | D:9      | Found a snail-covered altar of Cheibriados.
  6229 | D:9      | Reached XP level 10. HP: 8/64 MP: 10/10
  6252 | D:9      | Reached skill level 9 in Axes
  6686 | D:8      | Paralysed by Joseph for 3 turns
  6690 | D:8      | Killed Joseph
  7302 | D:9      | Found Fotax's Gadget Boutique.
  7570 | D:9      | Reached skill level 10 in Axes
  7649 | D:10     | Entered Level 10 of the Dungeon
  7772 | D:10     | Reached skill level 5 in Evocations
  7851 | D:10     | Noticed a two-headed ogre
  7860 | D:10     | Killed a two-headed ogre
  7951 | D:10     | Reached XP level 11. HP: 71/71 MP: 5/11
  8517 | D:10     | Found a staircase to the Lair.
  8539 | D:10     | Received a gift from Trog
  8846 | D:10     | Reached skill level 11 in Axes
  9070 | D:11     | Reached skill level 10 in Fighting
  9095 | D:11     | Noticed a two-headed ogre
  9112 | D:11     | Killed a two-headed ogre
  9270 | D:11     | Found a staircase to the Orcish Mines.
  9486 | D:11     | Found a runed translucent door.
  9489 | D:11     | Noticed a glowing orange brain
  9491 | D:11     | Noticed an anaconda
  9491 | D:11     | a glowing orange brain changed into an anaconda
  9500 | D:11     | Killed an anaconda
  9525 | D:11     | Noticed a centaur warrior
  9538 | D:11     | Killed a centaur warrior
  9538 | D:11     | Received a gift from Trog
  9538 | D:11     | Reached skill level 12 in Axes
  9548 | D:11     | Noticed an ettin
  9548 | D:11     | Noticed a flayed ghost
  9556 | D:11     | Killed a flayed ghost
  9560 | D:11     | Killed an ettin
  9560 | D:11     | Reached XP level 12. HP: 35/79 MP: 4/12
  9796 | D:11     | Identified the Tome of Beyond
  9799 | D:11     | Got a scintillating marble ring
  9811 | D:11     | Identified the ring of Zoganeas {Wiz rF+ rN++ Dex-2} (You
                  | found it on level 11 of the Dungeon)
 10167 | D:12     | Found Ipruuk's General Store.
 10175 | D:12     | Bought a +0 kite shield of protection for 149 gold pieces
 10175 | D:12     | Bought 2 scrolls of teleportation for 78 gold pieces
 10405 | D:12     | Noticed a two-headed ogre
 10413 | D:12     | Killed a two-headed ogre
 10518 | D:12     | Reached skill level 13 in Axes
 11012 | Orc:1    | Entered Level 1 of the Orcish Mines
 11012 | Orc:1    | Found a burning altar of Makhleb.
 11065 | Orc:1    | Noticed Harold
 11089 | Orc:1    | Noticed an orc warlord
 11107 | Orc:1    | Killed an orc warlord
 11111 | Orc:1    | Killed Harold
 11313 | Orc:2    | Entered Level 2 of the Orcish Mines
 11313 | Orc:2    | Noticed Urug
 11316 | Orc:2    | Found a staircase to the Elven Halls.
 11331 | Orc:2    | Killed Urug
 11345 | Orc:2    | Found Cugic's Assorted Antiques.
 11361 | Orc:2    | Found a gate leading to a gauntlet.
 11370 | Gauntlet | Entered a Gauntlet
 11370 | Gauntlet | Found a transporter.
 11379 | Gauntlet | Found a transporter.
 11382 | Gauntlet | Found a transporter.
 11400 | Gauntlet | Found a transporter.
 11402 | Gauntlet | Found a transporter.
 11411 | Gauntlet | Found a transporter.
 11426 | Gauntlet | Found a runed translucent gate.
 11427 | Gauntlet | Found a transporter.
 11427 | Gauntlet | Found a runed translucent gate.
 11428 | Gauntlet | Found a runed translucent gate.
 11428 | Gauntlet | Noticed an anaconda
 11428 | Gauntlet | a shining eye changed into an anaconda
 11430 | Gauntlet | Noticed a two-headed ogre
 11430 | Gauntlet | an anaconda changed into a two-headed ogre
 11434 | Gauntlet | Found a transporter.
 11434 | Gauntlet | a two-headed ogre changed into a swamp worm
 11442 | Gauntlet | Noticed a two-headed ogre
 11442 | Gauntlet | a torpor snail changed into a two-headed ogre
 11450 | Gauntlet | Found a transporter.
 11451 | Gauntlet | Found the ring of Phasing {EV+8}
 11459 | Gauntlet | Found a runed translucent door.
 11460 | Gauntlet | Found a transporter.
 11460 | Gauntlet | Found a runed translucent door.
 11460 | Gauntlet | Noticed a death ooze
 11472 | Gauntlet | Found a transporter.
 11472 | Gauntlet | Found a transporter.
 11499 | Gauntlet | Found a transporter.
 11546 | Gauntlet | Found a transporter.
 11635 | Gauntlet | Reached skill level 14 in Axes
 11655 | Gauntlet | Noticed a two-headed ogre
 11655 | Gauntlet | a shining eye changed into a two-headed ogre
 11659 | Gauntlet | a two-headed ogre changed into a tarantella
 11694 | Gauntlet | Got a scorched silver ring
 11792 | Gauntlet | Noticed a minotaur
 11807 | Gauntlet | Killed a minotaur
 11807 | Gauntlet | Reached XP level 13. HP: 23/87 MP: 4/13
 11817 | Gauntlet | Got an iridescent spear
 11826 | Orc:1    | Noticed an ettin
 11831 | Orc:1    | Demolished by an ettin

Illustrated notes

Levels and vault maps discovered:
D:1:      dpeg_arrival_round_c, layout_loops_ring
D:2:      layout_loops_ring, lemuel_zombie_altar_kikubaaqudgha,
          grunt_temple_overflow_open, chequers_ecumenical_altar_grove
D:3:      layout_rooms, nicolae_overflow_crystal_walls,
          kennysheep_generic_room_9
D:4:      minmay_door_path, layout_rooms, minmay_temple_entry_mini_moons,
          first_ration
D:5:      layout_loops_cross, old_standard_altar, skrybe_limestone_x,
          uniq_blork_the_orc, uniq_grinder
D:6:      minmay_diamond_boxcup, layout_rooms, basic_altar
D:7:      layout_cave_pools, kennysheep_mini_moat, okawaru_altar_gauntlet_db,
          basic_altar, nemelex_spade_bored_becter
D:8:      layout_cave_pools, uniq_joseph
D:9:      layout_roguey, old_standard_altar, serial_shops, shop, grunt_livestock
D:10:     layout_stronghold, erik_lair_orcish_takeover
D:11:     layout_rooms, erik_orc_4, minivault_13
D:12:     layout_long_grid, serial_shops, shop_statue
Orc:1:    layout_diamond_mine, basic_altar, uniq_harold
Orc:2:    st_orc_open, layout_caves, serial_shops, shop, gauntlet_entry_generic,
          uniq_urug, uniq_saint_roka

Skill      XL: |  1  2  3  4  5  6  7  8  9 10 11 12 |
---------------+-------------------------------------+-----
Axes           | 3 4 5 6 7 8 10 12 14 | 14.1
Dodging        | 2 |  2.0
Armour         | 3 4 6 |  6.1
Fighting       | 4 5 6 7 9 10 12 | 12.3
Shields        | 1 2 3 4 |  4.0
Evocations     | 1 3 5 6 |  6.1

Action                   |  1- 3 |  4- 6 |  7- 9 | 10-12 | 13-15 || total
-------------------------+-------+-------+-------+-------+-------++-------
Melee: Hand axe          |   145 |   239 |   460 |   362 |       ||  1206
       War axe           |       |       |       |   139 |       ||   139
       Broad axe         |       |       |       |   199 |       ||   199
Invok: Berserk           |     1 |     2 |     9 |    16 |       ||    28
       Trog's Hand       |       |     2 |     2 |     6 |     1 ||    11
       Brothers in Arms  |       |       |     1 |       |       ||     1
Evoke: Wand              |       |       |       |     1 |       ||     1
  Use: Scroll            |       |       |     5 |    15 |     2 ||    22
       Potion            |       |       |     5 |     1 |     1 ||     7
  Eat: Ration            |     1 |     1 |     3 |     5 |       ||    10
Armor: Animal skin       |    38 |       |       |       |       ||    38
       Ring mail         |    36 |    16 |       |       |       ||    52
       Chain mail        |       |   100 |   134 |       |       ||   234
       Plate armour      |       |       |   180 |   410 |    13 ||   603
Dodge: Dodged            |   122 |    96 |   107 |   157 |     2 ||   484
Block: Kite shield       |       |    61 |   381 |   546 |     9 ||   997
       Reflection        |       |     1 |    30 |    20 |       ||    51

Table legend:
 A = Non-vault XP
 B = Vault XP
 C = Vault XP percentage of total XP
 D = Non-vault monster count
 E = Vault monster count
 F = Vault count percentage of total count
                 A         B        C        D         E       F
            +---------+---------+-------+---------+---------+-------
      Total |   20053 |   12318 |  38.1 |     306 |      70 |  18.6
            +---------+---------+-------+---------+---------+-------
        D:1 |      54 |       0 |   0.0 |      31 |       0 |   0.0
        D:2 |      90 |       6 |   6.2 |      25 |       4 |  13.8
        D:3 |      57 |      13 |  18.6 |      20 |       1 |   4.8
        D:4 |     205 |       8 |   3.8 |      13 |       2 |  13.3
        D:5 |     483 |     350 |  42.0 |      15 |       2 |  11.8
        D:6 |     318 |     299 |  48.5 |       9 |       5 |  35.7
        D:7 |    1860 |      33 |   1.7 |      28 |       6 |  17.6
        D:8 |    1318 |     466 |  26.1 |      35 |       1 |   2.8
        D:9 |     747 |     984 |  56.8 |      22 |       5 |  18.5
       D:10 |    3839 |     637 |  14.2 |      31 |       9 |  22.5
       D:11 |    2775 |    4491 |  61.8 |      28 |      23 |  45.1
       D:12 |    4865 |       0 |   0.0 |      31 |       0 |   0.0
      Orc:1 |    3442 |     992 |  22.4 |      18 |       1 |   5.3
      Orc:2 |       0 |     855 | 100.0 |       0 |       1 | 100.0
   Gauntlet |       0 |    3184 | 100.0 |       0 |      10 | 100.0
            +---------+---------+-------+---------+---------+-------
